 Dungeon Crawl Stone Soup version 0.30.1-9-gdf580d7c3d (webtiles) character file.

Game seed: 17933855357135742075

211 7w4c the Chopper (level 5, 0/42 HPs)
             Began as a Demonspawn Berserker on Oct 18, 2023.
             Was a Believer of Trog.
             Slain by an orc wizard
             ... wielding a +0 dagger
              (2 damage)
             ... on level 4 of the Dungeon.
             The game lasted 00:07:14 (2036 turns).

7w4c the Chopper (Demonspawn Berserker)             Turns: 2036, Time: 00:07:15

Health: 0/42       AC:  5    Str: 20    XL:     5   Next: 57%
Magic:  5/5        EV: 13    Int:  8    God:    Trog [**....]
Gold:   108        SH:  0    Dex: 12    Spells: 4/4 levels left

rFire   . . .        a - +0 hand axe
rCold   . . .        (no shield)
rNeg    . . .        k - +0 ring mail
rPois   .            (no helmet)
rElec   .            (no cloak)
rCorr   .            (no gloves)
SInv    .            (no boots)
Will    .....        (no amulet)
Stlth   +            (no ring)
HPRegen 0.27/turn    (no ring)
MPRegen 0.09/turn

%: no passive effects
@: no status effects
A: claws 1, repulsion field 1, foul stench 1
a: Renounce Religion, Berserk, Trog's Hand


You were on level 4 of the Dungeon.
You worshipped Trog.
Trog was pleased with you.
You visited 1 branch of the dungeon, and saw 4 of its levels.

You collected 108 gold pieces.

Inventory:

Hand Weapons
 a - a +0 hand axe (weapon)
Armour
 k - a +0 ring mail (worn)
Jewellery
 e - a +6 ring of intelligence
Scrolls
 g - a scroll of enchant weapon {unknown}
 h - a scroll of immolation {unknown}
 i - a scroll of fog {unknown}
 l - a scroll of teleportation {unknown}
 n - a scroll of magic mapping {unknown}
Potions
 d - a potion of mutation {unknown}
 f - a potion of degeneration {unknown}
 j - a potion of might {unknown}
 m - a potion of brilliance {unknown}


   Skills:
 + Level 4.0 Fighting
 + Level 4.2 Axes
 + Level 2.4 Armour
 + Level 2.8 Dodging
 + Level 0.4 Stealth


You had 4 spell levels left.
You didn't know any spells.
Your spell library was empty.

Dungeon Overview and Level Annotations

Branches:
Dungeon (3/15)

Altars:
Sif Muna
Trog

Shops:
D:2 *


Innate Abilities, Weirdness & Mutations

You have sharp fingernails.
You are surrounded by a mild repulsion field. (EV +2)
You may rarely emit foul miasma when damaged in melee.


Message History

You hit something. Something hits you but does no damage.
You closely miss something.
An orc wizard appears from thin air!
Reactivating autopickup.
The orc wizard hits you with a +0 dagger.
* * * LOW HITPOINT WARNING * * *
You hit the orc wizard.
The orc wizard is severely wounded.
The orc wizard hits you but does no damage.
You hit the orc wizard.
The orc wizard is severely wounded.
The orc wizard barely misses you. The orc hits you but does no damage.
The orc wizard hits you with a +0 dagger.
* * * LOW HITPOINT WARNING * * *
You hit the orc wizard but do no damage.
The orc wizard is severely wounded.
You barely miss the orc.
Your attack snaps the orc out of its fear.
The orc wizard hits you but does no damage.
The orc barely misses you.
You barely miss the orc wizard.
The orc wizard is severely wounded.
You hit the orc but do no damage.
The orc wizard hits you but does no damage.
The orc hits you but does no damage.
You hit the orc wizard.
The orc wizard is almost dead.
You hit the orc.
The orc wizard hits you with a +0 dagger.
* * * LOW HITPOINT WARNING * * *
The orc barely misses you.
You closely miss the orc wizard.
The orc wizard is almost dead.
You hit the orc.
The orc wizard hits you but does no damage.
The orc closely misses you.
You miss the orc wizard.
The orc wizard is almost dead.
You hit the orc.
The orc wizard hits you with a +0 dagger.
You die...

###.# #.....#
#.†.# #######
#.#.# #...#
###
##.######..
#.....##.# #
#.###.##.#
##.#### #.#
#.##.##o......
#.# #.....@o#
#.....##.####
########...
#####


You could see an orc wizard and an orc.

Vanquished Creatures
  A phantom (D:4)
  A hound (D:4)
  An orc wizard (D:4)
  3 adders
  A dart slug (D:1)
  7 orcs (D:4)
  5 ball pythons
  5 endoplasms
  2 giant cockroaches (D:2)
  6 goblins
  5 hobgoblins
  3 kobolds
  A quokka (D:4)
  A bat (D:1)
  3 frilled lizards
  3 rats (D:1)
48 creatures vanquished.

Notes
Turn   | Place    | Note
-------+----------+-------------------------------------------
     0 | D:1      | 7w4c the Demonspawn Berserker began the quest for the Orb.
     0 | D:1      | Reached XP level 1. HP: 18/18 MP: 1/1
   221 | D:1      | Gained mutation: You are surrounded by a mild repulsion
                  | field. (EV +2) [demonic ancestry]
   221 | D:1      | Reached XP level 2. HP: 18/24 MP: 2/2
  1068 | D:2      | Reached XP level 3. HP: 26/29 MP: 3/3
  1085 | D:2      | Found a shimmering blue altar of Sif Muna.
  1121 | D:2      | Identified the +0 robe of Fanaticism {rC++ Will+}
  1518 | D:2      | Found Canext's General Store.
  1670 | D:3      | You fall into a shaft and drop 1 floor!
  1670 | D:4      | Identified the +8 mace "Pusew" {antimagic, *Noise rF+
                  | Dex+4}
  1752 | D:4      | Found a bloodstained altar of Trog.
  1801 | D:4      | Noticed a phantom
  1822 | D:4      | Killed a phantom
  1822 | D:4      | Reached ** piety under Trog
  1823 | D:4      | Gained mutation: You have sharp fingernails. [demonic
                  | ancestry]
  1823 | D:4      | Reached XP level 4. HP: 30/37 MP: 4/4
  1828 | D:4      | Gained mutation: You may rarely emit foul miasma when
                  | damaged in melee. [demonic ancestry]
  1828 | D:4      | Reached XP level 5. HP: 34/42 MP: 5/5
  2023 | D:4      | HP: 2/42 [hound (1)]
  2034 | D:4      | HP: 1/42 [orc wizard/+0 dagger (4)]
  2036 | D:4      | Slain by an orc wizard

Illustrated notes

Levels and vault maps discovered:
D:1:      erik_arrival_blinker_ship, layout_basic, chequers_mini_garden
D:2:      layout_loops_ring, basic_altar, serial_shops, shop
D:3:      layout_loops_ring, portal_sewer_entry_e,
          hangedman_abyss_or_decor_stabs, kennysheep_cross_bottleneck,
          uniq_grinder, uniq_crazy_yiuf_cottage, uniq_robin, uniq_natasha
D:4:      layout_loops_cross, lemuel_doored_altar,
          minmay_temple_entry_drinking_statues, uniq_edmund

Skill      XL: |  1  2  3  4  5 |
---------------+----------------+-----
Axes           | 3 4 |  4.2
Dodging        | 2 |  2.8
Armour         | 2 |  2.4
Fighting       | 4 |  4.0
Stealth        | |  0.4

Action                     |  1- 3 |  4- 6 || total
---------------------------+-------+-------++-------
  Melee: Hand axe          |   114 |    61 ||   175
 Invoke: Berserk           |     1 |       ||     1
    Use: Scroll            |     2 |     1 ||     3
         Potion            |       |     1 ||     1
   Stab: Sleeping          |     1 |       ||     1
 Armour: Animal skin       |    10 |       ||    10
         Ring mail         |     8 |    36 ||    44
  Dodge: Dodged            |    85 |    32 ||   117
